AoeStats
← RD | Omaradames

Socotra

506444979Analyzed
4v4 RM · 17d ago on Sep 13, 2026· 40m 36s· 8 players
Game mode
Random Map
Map size
148×148
Population
200
Speed
Normal
Resources
Standard
Victory
Conquest
Starting age
Dark Age
Ending age
Imperial Age
RankedLock teamsTeams togetherTeam positionsShared explorationLock speedFull tech treeHidden civsTurbo modeCheats
Victory
Defeat
🇩🇴 Tupi · Dominican Republic
1612
+11
🇩🇴 Bulgarians · Dominican Republic
1400
+20
🇩🇴 Khmer · Dominican Republic
1392
+20
🇩🇴 Goths · Dominican Republic
1385
+19
🇳🇱 Mongols · Netherlands
1524
-19
🇹🇷 Maya · Türkiye
1496
-18
🇨🇳 Cumans · China
1480
-18
🇦🇪 Koreans · United Arab Emirates
1431
-15
Bombacı Mülayim
0:26 Loom
8:29 Feudal Age
12:39 Horse Collar
14:15 Double-Bit Axe
16:53 Wheelbarrow
17:20 Fletching
25:09 Castle Age
24:37 Padded Archer Armor
25:11 Crossbowman
25:55 Bodkin Arrow
27:56 Ballistics
D3AGLEZ
5:53 Loom
8:28 Feudal Age
9:26 Double-Bit Axe
15:16 Wheelbarrow
17:13 Forging
22:10 Castle Age
20:36 Horse Collar
21:42 Bloodlines
23:45 Gold Mining
24:06 Bow Saw
24:38 Husbandry
25:48 Town Watch
26:39 Scale Barding Armor
34:45 Chain Barding Armor
34:44 Stone Mining
37:06 Hand Cart
38:20 Iron Casting
41:09 Imperial Age
MFL91
1:49 Loom
9:05 Feudal Age
21:18 Fletching
30:10 Castle Age
30:50 Bodkin Arrow
30:25 Crossbowman
31:15 Double-Bit Axe
35:21 Ballistics
[David]Dreamer
6:32 Loom
10:18 Feudal Age
11:04 Double-Bit Axe
11:01 Horse Collar
21:58 Castle Age
20:44 Scale Mail Armor
21:26 Gold Mining
22:15 Bloodlines
22:48 Forging
24:06 Wheelbarrow
26:35 Light Cavalry
28:42 Ballistics
31:24 Hand Cart
32:15 Fletching
33:09 Bodkin Arrow
34:16 Padded Archer Armor
38:04 Imperial Age
37:00 Scale Barding Armor
37:39 Steppe Husbandry
38:23 Heavy Plow
38:37 Bow Saw
38:12 Hussar
39:19 Chain Barding Armor
40:56 Conscription
41:37 Plate Barding Armor
RD | Omaradames
0:46 Loom
10:06 Feudal Age
10:44 Man-at-Arms
11:34 Double-Bit Axe
11:33 Horse Collar
13:53 Scale Mail Armor
14:25 Forging
22:10 Castle Age
20:49 Gold Mining
23:46 Stone Mining
24:40 Squires
25:16 Bow Saw
24:49 Pikeman
28:56 Chain Mail Armor
31:32 Iron Casting
35:41 Anarchy
40:54 Imperial Age
39:15 Heavy Plow
40:03 Wheelbarrow
RD | Nfasis
10:59 Feudal Age
14:39 Castle Age
13:18 Double-Bit Axe
13:47 Horse Collar
14:42 Loom
14:57 Gold Mining
17:08 Bow Saw
26:03 Bloodlines
26:58 Scale Barding Armor
27:39 Chain Barding Armor
30:35 Wheelbarrow
30:12 Forging
31:11 Heavy Plow
33:15 Iron Casting
34:10 Husbandry
35:29 Hand Cart
35:00 Town Watch
40:15 Imperial Age
40:17 Cavalier
41:59 Blast Furnace
41:38 Plate Barding Armor
RD | Lina
4:34 Loom
10:33 Feudal Age
13:04 Double-Bit Axe
13:34 Champi Runner
18:05 Fletching
23:18 Castle Age
21:27 Horse Collar
21:59 Stone Mining
23:20 Scale Mail Armor
25:07 Bow Saw
26:29 Bodkin Arrow
28:18 Ballistics
28:04 Padded Archer Armor
35:27 Imperial Age
36:09 Bracer
37:11 Chemistry
37:01 Conscription
40:11 Leather Archer Armor
41:44 Wheelbarrow
RD | Drakes
7:01 Loom
9:30 Feudal Age
14:49 Scale Mail Armor
16:34 Forging
22:25 Fletching
32:03 Castle Age
38:51 Horse Collar
Connection lost

Rejoining the realm…

Still unreachable

The connection could not be restored.

Session expired

The server has moved on; the page needs a fresh start.